 Dungeon Crawl Stone Soup version 0.23-a0-358-g98c7a59 (webtiles) character file.

84 BingusPrime the Grasshopper (level 4, 0/30 HPs)
             Began as an Octopode Warper on Oct 22, 2018.
             Slain by an orc wizard
             ... wielding a +0 dagger
              (4 damage)
             ... on level 2 of the Dungeon.
             The game lasted 00:05:56 (2227 turns).

BingusPrime the Grasshopper (Octopode Warper)       Turns: 2227, Time: 00:05:56

Health: 0/30       AC:  1    Str: 10    XL:     4   Next: 45%
Magic:  6/7        EV: 14    Int: 15    God:
Gold:   39         SH:  0    Dex: 12    Spells: 3/7 levels left

rFire    + . .     SeeInvis .   a - +0 falchion
rCold    x . .     Gourm    .   (no shield)
rNeg     . . .     Faith    .   (helmet restricted)
rPois    .         Spirit   .   (no amulet)
rElec    .         Reflect  .   g - ring of fire
rCorr    .         Harm     .   (no ring)
MR       .....                  (no ring)
Stlth    +++.......             (no ring)
HPRegen  0.10/turn              (no ring)
MPRegen  0.10/turn              (no ring)
                                (no ring)
                                (no ring)

@: no status effects
A: almost no armour, stealthy swim, amphibious, 8 rings, constrict 8, camouflage
1, gelatinous body 1
a: no special abilities


You were on level 2 of the Dungeon.
You were not hungry.

You visited 1 branch of the dungeon, and saw 3 of its levels.

You collected 39 gold pieces.

Inventory:

Hand Weapons
 a - a +0 falchion (weapon)
Missiles
 d - 2 tomahawks of dispersal (quivered)
 i - 16 stones
 k - a throwing net
Jewellery
 g - a ring of fire (left tentacle)
Scrolls
 c - 3 scrolls of blinking
 e - 3 scrolls of remove curse {unknown}
 h - 6 scrolls of identify {unknown}
 j - a scroll of fear {unknown}
 l - 2 scrolls of enchant weapon {unknown}
 m - a scroll of magic mapping {unknown}
Potions
 b - 2 potions of curing {unknown}
 n - a potion of heal wounds {unknown}
 o - a potion of resistance {unknown}
Comestibles
 f - 3 rations


   Skills:
 + Level 2.5 Fighting
 + Level 3.0 Long Blades
 + Level 1.0 Throwing
 + Level 2.9 Dodging
 * Level 1.4 Stealth
 + Level 2.4 Spellcasting
 + Level 3.1 Translocations


You had 3 spell levels left.
You knew the following spells:

 Your Spells              Type           Power        Failure   Level  Hunger
a - Blink                 Tloc           N/A          9%          2    ###....
b - Shroud of Golubria    Chrm/Tloc      #.........   17%         2    ###....

Your spell library contained the following spells:

 Spells                   Type           Power        Failure   Level  Hunger
 Gell's Gravitas          Tloc           ##........   17%         3    ###....
 Lesser Beckoning         Tloc           ##........   17%         3    ###....
 Teleport Other           Tloc           ##......     17%         3    ###....
 Passage of Golubria      Tloc           N/A          50%         4    #####..


Dungeon Overview and Level Annotations

Branches:
Dungeon (3/15)

Altars:
Ru
Sif Muna
Wu Jian


Innate Abilities, Weirdness & Mutations

You cannot wear most types of armour.
You are very stealthy in the water. (Stealth+)
You are amphibious.
You can wear up to eight rings at the same time.
You can use your tentacles to constrict eight enemies at once.
Your skin changes colour to match your surroundings (Stealth+).
Your rubbery body absorbs attacks. (AC +1, EV +1)


Message History

There is a stone staircase leading up here.
Something hits you.
* * * LOW HITPOINT WARNING * * *
You climb upwards.
Reactivating autopickup.
There is a stone staircase leading down here.
Unknown command.
Deactivating autopickup; reactivate with Ctrl-A.
You closely miss something. Your squeeze misses something.
Your shroud begins to fray at the edges.
Your shroud bends something's attack away.
You completely miss something. Something hits you but does no damage.
You miss something. Something barely misses you.
You hit something but do no damage.
Something hits you but does no damage. x2
You hit something. Your squeeze misses something.
Something completely misses you.
You completely miss something.
Your shroud unravels.
Something hits you.
You die...

#.............##########...
#.######.####.##.......#.## #.#
#.# #.#....#.#.#.#. #.# #.#
#.#..###.#.#.#. #.#
#######.#..###.#.#.#. #.#
#_##.##.#....#.#.#.#. #######.#
##'##.##.#.##)#.#.#.#.
........####...#.##.#.##.#.......
...........#...#@##.#.##.###)#.##
...........#...#{##.#.##.###.#...
############...#.#...)..........#
....## #...#.#..............#
###..# #...#.#..............#
##.## #...#.#.............## #..#
#...#.#............##. ##.##
#...#.#............#)# # #..#
#...#.##.######.##..#.


There were no monsters in sight!

Vanquished Creatures
  3 gnolls (D:2)
  An adder (D:2)
  A dart slug (D:1)
  2 leopard geckos
  An orc (D:3)
  A ball python (D:2)
  A giant cockroach (D:1)
  4 goblins
  3 hobgoblins
  10 kobolds
  7 bats
  4 frilled lizards
  6 rats
44 creatures vanquished.

Notes
Turn   | Place    | Note
-------+----------+-------------------------------------------
     0 | D:1      | BingusPrime the Octopode Warper began the quest for the
                  | Orb.
     0 | D:1      | Reached XP level 1. HP: 14/14 MP: 3/3
   258 | D:1      | Reached XP level 2. HP: 19/19 MP: 5/5
   262 | D:1      | Learned a level 2 spell: Blink
   858 | D:1      | Reached XP level 3. HP: 24/24 MP: 6/6
   862 | D:1      | Learned a level 2 spell: Shroud of Golubria
  1521 | D:2      | Found an ornate altar of the Wu Jian Council.
  1535 | D:2      | Reached XP level 4. HP: 25/30 MP: 7/7
  1715 | D:2      | Reached skill level 1 in Stealth
  2105 | D:2      | Found a sacrificial altar of Ru.
  2147 | D:2      | Found a deep blue altar of Sif Muna.
  2227 | D:2      | Slain by an orc wizard

Vault maps used:
D:1:      lightli_arrival_statuegarden
D:2:      lemuel_blue_sif_altar, lemuel_crystal_altar, marbit_many_paths,
          minivault_4
D:3:      grunt_dithmenos_smoke, first_ration

Skill      XL: |  1  2  3  4 |
---------------+-------------+-----
Stealth        | 1 |  1.4
Long Blades    | 3 |  3.0
Fighting       | |  2.5
Throwing       | |  1.0
Dodging        | |  2.9
Spellcasting   | |  2.4
Translocations | |  3.1

Action                   |  1- 3 |  4- 6 || total
-------------------------+-------+-------++-------
Melee: Falchion          |    63 |    23 ||    86
       Constrict         |    24 |     4 ||    28
       Tentacles         |    10 |     3 ||    13
Throw: Tomahawk          |     3 |       ||     3
 Cast: Shroud of Golubri |     2 |     2 ||     4
 Stab: Sleeping          |     4 |     4 ||     8
  Eat: Chunk             |     2 |       ||     2
       Ration            |       |     1 ||     1
Armor: Skin              |    10 |     1 ||    11
Dodge: Dodged            |    33 |    15 ||    48
       Rpst.: Falchion   |     9 |     4 ||    13

Table legend:
 A = Non-vault XP
 B = Vault XP
 C = Vault XP percentage of total XP
 D = Non-vault monster count
 E = Vault monster count
 F = Vault count percentage of total count
                 A         B        C        D         E       F
            +---------+---------+-------+---------+---------+-------
      Total |     118 |       2 |   1.7 |      43 |       1 |   2.3
            +---------+---------+-------+---------+---------+-------
        D:1 |      36 |       0 |   0.0 |      23 |       0 |   0.0
        D:2 |      78 |       2 |   2.5 |      18 |       1 |   5.3
        D:3 |       4 |       0 |   0.0 |       2 |       0 |   0.0
            +---------+---------+-------+---------+---------+-------
